 Dungeon Crawl Stone Soup version 0.18-a0-1267-gff090c1 (webtiles) character file.

133 Ashar the Grave Robber (level 4, -5/30 HPs)
             Began as a Vampire Necromancer on Feb 6, 2016.
             Slain by Edmund
             ... wielding a +0 dire flail
              (12 damage)
             ... on level 4 of the Dungeon.
             The game lasted 00:15:27 (2443 turns).

Ashar the Grave Robber (Vampire Necromancer)        Turns: 2443, Time: 00:15:27

Health: -5/30      AC:  4    Str:  7    XL:     4   Next: 94%
Magic:  2/8        EV: 12    Int: 20    God:
Gold:   169        SH:  0    Dex: 14    Spells: 3 memorised, 3 levels left

rFire  + . .     SeeInvis +     (no weapon)
rCold  . . .     Gourm    .     k - +1 leather armour {rF+}
rNeg   + . .     Faith    .     (no shield)
rPois  .         Spirit   .     (helmet restricted)
rElec  .         Dismiss  .     (no cloak)
rCorr  .         Reflect  .     (no gloves)
SustAt .         Harm     .     (no boots)
MR     .....                    (no amulet)
Stlth  ++........               (no ring)
                                (no ring)

@: not resistant to hostile enchantments, unstealthy
A: fangs 3, horns 1, see invisible, blink, clever 1, unbreathing
a: Bat Form, Blink


You were on level 4 of the Dungeon.
You were not thirsty.

You visited 1 branch of the dungeon, and saw 4 of its levels.

You collected 169 gold pieces.

Inventory:

Armour
 a - a +0 robe
 k - a +1 leather armour of fire resistance (worn)
Jewellery
 m - a cursed ring of teleportation
Scrolls
 d - a scroll of random uselessness {unknown}
 e - a scroll of enchant armour {unknown}
 f - a scroll of recharging {unknown}
 h - 5 scrolls of remove curse
 j - 2 scrolls of identify
 l - a scroll of enchant weapon {unknown}
 p - 3 scrolls of teleportation {unknown}
Potions
 c - 2 potions of blood
 g - a potion of lignification {unknown}
 n - a potion of flight {unknown}
 o - a potion of heal wounds {unknown}
Books
 b - a book of Necromancy

   Spells                             Type                      Level
   a - Pain                           Necromancy                   1
   b - Animate Skeleton               Necromancy                   1
   c - Vampiric Draining              Necromancy                   3
   d - Regeneration                   Charms/Necromancy            3
   e - Animate Dead                   Necromancy                   4
   f - Control Undead                 Necromancy                   4


   Skills:
 - Level 0.1 Fighting
 - Level 0.4 Armour
 - Level 2.4 Dodging
 - Level 3.6 Stealth
 * Level 2.7 Spellcasting
 * Level 6.0 Necromancy


You had 3 spell levels left.
You knew the following spells:

 Your Spells              Type           Power        Failure   Level  Hunger
a - Pain                  Necr           ####         1%          1    None
b - Animate Skeleton      Necr           N/A          1%          1    None
c - Vampiric Draining     Necr           ####......   8%          3    ###....


Dungeon Overview and Level Annotations

Branches:
Dungeon (4/15)
 Temple: D:4-7

Altars:
Ashenzari
Cheibriados
Trog

Annotations:
D:3 Sigmund
D:4 Edmund


Innate Abilities, Weirdness & Mutations

You have razor-sharp teeth.
You have supernaturally acute eyesight.
You can survive without breathing.
You have a pair of small horns on your head.
You can translocate small distances at will.
Your mind is acute. (Int +2)


Message History

Press: ? - help, Shift-Dir - straight line, f/p - Edmund
Aim: Edmund, wielding a dire flail and wearing a leather armour (severely wounded, chance to defeat MR: 84%) Edmund convulses in agony!
You barely miss Edmund. Your headbutt misses Edmund.
Edmund is severely wounded.
Edmund misses you.
You barely miss Edmund.
Edmund is severely wounded.
Edmund hits you with a dire flail!
You barely miss Edmund. Your headbutt misses Edmund.
You bite Edmund, but do no damage.
Edmund is severely wounded.
Edmund hits you with a dire flail!
* * * LOW HITPOINT WARNING * * *
There is a stone staircase leading up here.
Edmund grinds his teeth, and then sighs.
An iguana comes into view.
The iguana hisses angrily.
Edmund hits you with a dire flail!
You die...

#.......###..
#............
#............
#.......#
#.......#
###.##......
#<# #.####
#.# #.# #.#
#@# #.#####.#
#@#
........###.#
#.......l.l.#
#############


You could see Edmund and an iguana.

Vanquished Creatures
  An orc priest (D:3)
  Natasha (D:3)
  3 adders (D:2)
  An ooze (D:2)
  2 orcs (D:3)
  3 giant cockroaches
  4 hobgoblins
  4 kobolds
  2 quokkas (D:3)
  7 bats
  3 giant newts (D:1)
  12 goblins
  3 rats
46 creatures vanquished.

Notes
Turn   | Place    | Note
--------------------------------------------------------------
     0 | D:1      | Ashar the Vampire Necromancer began the quest for the Orb.
     0 | D:1      | Reached XP level 1. HP: 13/13 MP: 3/3
   267 | D:1      | Reached XP level 2. HP: 16/19 MP: 3/5
   433 | D:1      | Reached skill level 5 in Necromancy
   827 | D:2      | Found a bloodstained altar of Trog.
  1109 | D:2      | Learned a level 1 spell: Animate Skeleton
  1119 | D:2      | Reached XP level 3. HP: 16/24 MP: 0/6
  1240 | D:2      | Found a shattered altar of Ashenzari.
  1280 | D:2      | Learned a level 3 spell: Vampiric Draining
  1403 | D:2      | HP: 1/24 [poisoned by an adder]
  2001 | D:3      | Noticed Natasha
  2007 | D:3      | Reached XP level 4. HP: 27/30 MP: 3/7
  2014 | D:3      | Killed Natasha
  2103 | D:3      | Found a snail-covered altar of Cheibriados.
  2170 | D:3      | Reached skill level 6 in Necromancy
  2299 | D:3      | Noticed Sigmund
  2323 | D:3      | Gained mutation: You can translocate small distances at will. [potion of mutation]
  2323 | D:3      | Gained mutation: Your mind is acute. (Int +2) [potion of mutation]
  2323 | D:3      | Gained mutation: You have a pair of small horns on your head. [potion of mutation]
  2419 | D:4      | Noticed Edmund
  2443 | D:4      | Slain by Edmund

Vault maps used:
D:1:      saegor_arrival_simple_d
D:2:      evilmike_ruin_ashenzari, trog_book
D:3:      cheibriados_altar_1, uniq_natasha, uniq_sigmund
D:4:      minmay_door_path, nicolae_tso_carved_into_rock, kennysheep_mini,
          uniq_edmund

Action                   |  1- 3 |  4- 6 || total
-------------------------+-------+-------++-------
Melee: Unarmed           |    15 |    22 ||    37
 Cast: Pain              |    59 |    26 ||    85
       Vampiric Draining |     1 |       ||     1
  Use: Potion            |     2 |     1 ||     3
       Scroll            |       |     2 ||     2
 Stab: Sleeping          |     1 |     1 ||     2
  Eat: Corpse            |     3 |     2 ||     5
